 Dungeon Crawl Stone Soup version 0.22.1-1-ga44c0e5 (webtiles) character file.

33 lysyklops the Sneak (level 3, -1/16 HPs)
             Began as a Spriggan Enchanter on Sept 21, 2018.
             Killed from afar by Sigmund (12 damage)
             ... with a puff of flame
             ... on level 2 of the Dungeon.
             The game lasted 00:04:51 (1307 turns).

lysyklops the Sneak (Spriggan Enchanter)            Turns: 1307, Time: 00:04:52

Health: -1/16      AC:  2    Str:  4    XL:     3   Next: 12%
Magic:  8/8        EV: 18    Int: 16    God:
Gold:   93         SH:  0    Dex: 17    Spells: 5/8 levels left

rFire    . . .     SeeInvis +   a - +1 dagger
rCold    . . .     Gourm    .   (shield restricted)
rNeg     . . .     Faith    .   b - +0 robe
rPois    .         Spirit   .   (helmet restricted)
rElec    .         Reflect  .   (no cloak)
rCorr    .         Harm     .   (gloves unavailable)
MR       .....                  (boots unavailable)
Stlth    +++.......             (no amulet)
HPRegen  0.05/turn              (no ring)
MPRegen  0.11/turn              (no ring)

@: very quick
A: very small, unfitting armour, see invisible, herbivore, speed 3, slow
metabolism 2
a: no special abilities


You were on level 2 of the Dungeon.
You were not hungry.

You visited 1 branch of the dungeon, and saw 2 of its levels.

You collected 93 gold pieces.

Inventory:

Hand Weapons
 a - a +1 dagger (weapon)
Armour
 b - a +0 robe (worn)
 k - a +0 buckler
Scrolls
 c - 2 scrolls of remove curse {unknown}
 e - a scroll of identify {unknown}
 i - a scroll of enchant weapon {unknown}
 j - a scroll of fog {unknown}
Potions
 f - a potion of flight {unknown}
 g - a potion of heal wounds {unknown}
 h - 2 potions of cancellation {unknown}
 l - a potion of curing {unknown}
Comestibles
 d - a ration


   Skills:
 + Level 1.8 Short Blades
 - Level 3.0 Dodging
 * Level 5.2 Stealth
 + Level 3.1 Spellcasting
 + Level 4.0 Hexes


You had 5 spell levels left.
You knew the following spells:

 Your Spells              Type           Power        Failure   Level  Hunger
a - Corona                Hex            ###....      3%          1    None
b - Ensorcelled Hibernat  Hex/Ice        #.....       12%         2    ##.....

Your spell library contained the following spells:

 Spells                   Type           Power        Failure   Level  Hunger
 Confuse                  Hex            ###.....     11%         3    ###....
 Tukima's Dance           Hex            ###.....     11%         3    ###....
 Dazzling Spray           Conj/Hex       #.....       24%         3    ###....


Dungeon Overview and Level Annotations

Branches:
Dungeon (2/15)

Altars:

Annotations:
D:2 Sigmund


Innate Abilities, Weirdness & Mutations

You are very small and have problems with some larger weapons.
You are too small for most types of armour.
You have supernaturally acute eyesight. (SInv)
You are a herbivore.
You cover ground extremely quickly.
You need to consume almost no food.


Message History

You have reached level 3!
Your experience leads to an increase in your attributes!
Increase (S)trength, (I)ntelligence, or (D)exterity?
You feel agile.
l - a lumpy black potion You now have 85 gold pieces (gained 12).
You now have 93 gold pieces (gained 8).
Sigmund the Dreaded comes into view.
He is wielding a scythe.
Sigmund shouts!
Sigmund closely misses you.
You completely miss Sigmund. Sigmund closely misses you.
You hit Sigmund but do no damage. Sigmund hits you with a scythe.
You hit Sigmund.
Sigmund is lightly wounded.
Sigmund casts a spell at you. You resist with some effort.
Sigmund casts a spell at you. The puff of flame hits you!
Ouch! That really hurt!
You die...

#.# #..#.# #.# #..#
# #.# #..# # #..#
#. #..#
#.######.######..#
##......#.........#
#.....#.#########.#
#.#......@......#
#.#@#.###########
#...#........
###@######### #.#
#.# #.# #.# #.#


You could see Sigmund.

Vanquished Creatures
  An adder (D:2)
  A leopard gecko (D:1)
  3 giant cockroaches
  4 goblins (D:1)
  A hobgoblin (D:1)
  6 kobolds (D:1)
  2 bats (D:1)
  3 rats (D:1)
21 creatures vanquished.

Notes
Turn   | Place    | Note
-------+----------+-------------------------------------------
     0 | D:1      | lysyklops the Spriggan Enchanter began the quest for the
                  | Orb.
     0 | D:1      | Reached XP level 1. HP: 9/9 MP: 5/5
   395 | D:1      | Reached XP level 2. HP: 13/13 MP: 6/6
   404 | D:1      | Learned a level 2 spell: Ensorcelled Hibernation
  1063 | D:1      | Reached skill level 5 in Stealth
  1255 | D:2      | Reached XP level 3. HP: 16/16 MP: 8/8
  1293 | D:2      | Noticed Sigmund
  1307 | D:2      | Killed from afar by Sigmund

Skill      XL: |  1  2 |
---------------+-------+-----
Spellcasting   | 3 |  3.1
Stealth        | 5 |  5.2
Hexes          | 4 |  4.0
Short Blades   | |  1.8
Dodging        | |  3.0

Action                   || total
-------------------------++-------
Melee: Dagger            ||   112
 Stab: Sleeping          ||     4
Armor: Robe              ||     8
Dodge: Dodged            ||    86
